 Dungeon Crawl Stone Soup version 0.29.1-15-g9cfb28693d (webtiles) character file.

Game seed: 3569456496147758912

132 boopmooplesden the Chopper (level 4, -11/42 HPs)
             Began as a Minotaur Berserker on Mar 19, 2023.
             Was a Priest of Trog.
             Mangled by a gnoll
             ... wielding a +1 whip of electrocution
              (20 damage)
             ... on level 4 of the Dungeon.
             The game lasted 00:03:22 (2316 turns).

boopmooplesden the Chopper (Minotaur Berserker)     Turns: 2316, Time: 00:03:23

Health: -11/42     AC:  6    Str: 23    XL:     4   Next: 92%
Magic:  3/3        EV: 11    Int:  4    God:    Trog [***...]
Gold:   186        SH:  0    Dex: 10    Spells: 3/3 levels left

rFire   . . .      SeeInvis .   g - +0 hand axe (vorpal)
rCold   + . .      Faith    .   (no shield)
rNeg    . . .      Spirit   .   h - +0 ring mail
rPois   .          Reflect  .   (helmet restricted)
rElec   .          Harm     .   (no cloak)
rCorr   .          Rampage  .   e - +0 pair of gloves
Will    .....                   (no boots)
Stlth   ..........              c - amulet of regeneration
HPRegen 0.94/turn               d - ring of protection from cold
MPRegen 0.08/turn               (no ring)

@: on berserk cooldown, slowed, very slow
A: horns 2, retaliatory headbutt
a: Renounce Religion, Berserk, Trog's Hand


You were on level 4 of the Dungeon.
You worshipped Trog.
Trog was most pleased with you.
You visited 1 branch of the dungeon, and saw 4 of its levels.

You collected 186 gold pieces.

Inventory:

Hand Weapons
 a - a +0 hand axe
 g - a +0 vorpal hand axe (weapon)
 o - a +0 war axe
Missiles
 t - 6 boomerangs (quivered)
Armour
 b - a +0 animal skin
 e - a +0 pair of gloves (worn)
 h - a +0 ring mail (worn)
 p - a +0 chain mail
Jewellery
 c - an amulet of regeneration (around neck)
 d - a ring of protection from cold (left hand)
 n - the amulet "Aziocomn" {Reflect rF+ Dex+4 SH+5 Stlth-}
   (You found it on level 2 of the Dungeon)

   [amulet of reflection]

   It reflects blocked missile attacks.
   Dex:       It affects your dexterity (+4).
   rF:        It protects you from fire.
   SH:        It affects your SH (+5).
   Stlth:     It makes you less stealthy.
Scrolls
 j - 2 scrolls of identify
Potions
 f - 4 potions of curing
 i - a potion of flight
 l - a potion of attraction
 m - a potion of cancellation {unknown}
 q - a potion of invisibility {unknown}
 r - a potion of mutation {unknown}


   Skills:
 + Level 5.0 Fighting
 + Level 5.1 Axes
 + Level 2.7 Armour
 + Level 3.1 Dodging


You had 3 spell levels left.
You didn't know any spells.
Your spell library was empty.

Dungeon Overview and Level Annotations

Branches:
Dungeon (4/15)
 Temple: D:4-7

Altars:

Shops:
D:2 (


Innate Abilities, Weirdness & Mutations

You have a pair of horns on your head.
You reflexively headbutt those who attack you in melee.


Message History

You are no longer berserk.
You are exhausted.
You feel yourself slow down.
You feel the effects of Trog's Hand fading.
A gnoll comes into view. It is wielding a +0 spear.
You see here 17 gold pieces.
A ball python comes into view.
A gnoll comes into view. It is wielding a +0 flail.
The gnoll barely misses you. The gnoll closely misses you.
The gnoll moves out of view.
An orc comes into view. It is wielding a +0 dagger.
The gnoll hits you but does no damage.
The gnoll shouts!
You hit the gnoll. You headbutt the gnoll.
The gnoll is severely wounded.
You hit the gnoll.
Your skin stops crawling.
You feel less strong-willed.
You hear a shout!
The gnoll hits you from afar with a +0 spear.
The gnoll hits you with a +1 whip of electrocution.
You are electrocuted!
The gnoll hits you with a +0 spear.
The gnoll hits you with a +1 whip of electrocution.
You are electrocuted!
* * * LOW HITPOINT WARNING * * *
The gnoll misses you. You furiously retaliate!
You headbutt the gnoll.
You kill the gnoll!
Trog accepts your kill.
The gnoll hits you from afar with a +0 spear.
* * * LOW HITPOINT WARNING * * *
An orc comes into view. It is wielding a +0 hand axe.
The ball python barely misses you. You furiously retaliate!
You headbutt the ball python!
You kill the ball python!
Trog accepts your kill.
Okay, then.
You feel better.
The gnoll hits you with a +1 whip of electrocution!
* * * LOW HITPOINT WARNING * * *
You are electrocuted!!
You die...

#.## ...$ #..## ##..
.... ##..###..... ...#
##.....#.# .##
#..######........#
....##.....[......#####
.........##)#####[#
.......#..)## #..
...##g@.$.# .##
.......)...# ##
..###gg..#.#
....o.....# ..#.#.....?
.o #.###.#... . #
#.##### ..# #..


You could see 3 gnolls and 2 orcs.

Vanquished Creatures
  An adder (D:2)
  4 gnolls (D:4)
  2 worms (D:3)
  3 dart slugs (D:1)
  4 orcs
  3 endoplasms
  4 giant cockroaches
  5 goblins
  6 hobgoblins
  5 jackals
  4 kobolds
  4 quokkas
  6 ball pythons
  6 bats
  6 frilled lizards
  4 rats
67 creatures vanquished.

Notes
Turn   | Place    | Note
-------+----------+-------------------------------------------
     0 | D:1      | boopmooplesden the Minotaur Berserker began the quest for
                  | the Orb.
     0 | D:1      | Reached XP level 1. HP: 19/19 MP: 0/0
    57 | D:1      | Reached XP level 2. HP: 22/27 MP: 1/1
   193 | D:1      | Reached ** piety under Trog
   272 | D:1      | Reached XP level 3. HP: 33/33 MP: 2/2
   636 | D:2      | Identified the amulet "Aziocomn" {Reflect rF+ Dex+4 SH+5
                  | Stlth-}
   638 | D:2      | Found Filoax's Weapon Boutique.
  1062 | D:2      | Found a faded altar of an unknown god.
  1428 | D:3      | Found the +4 dagger "Morg" {pain, Will+ Int+5}
  1585 | D:3      | Reached XP level 4. HP: 41/41 MP: 3/3
  1800 | D:3      | Reached *** piety under Trog
  2309 | D:4      | Reached skill level 5 in Fighting
  2311 | D:4      | Reached skill level 5 in Axes
  2316 | D:4      | Mangled by a gnoll

Illustrated notes

Levels and vault maps discovered:
D:1:      dpeg_arrival_central, layout_rooms
D:2:      layout_basic, serial_shops, shop, shapermc_ecumenical_altar_hornbeckon
D:3:      kennysheep_six_static_rooms, layout_basic,
          kennysheep_decorative_pillar
D:4:      layout_rooms, minmay_joined_circles, uniq_sigmund

Skill      XL: |  1  2  3  4 |
---------------+-------------+-----
Fighting       | 4 5 |  5.0
Axes           | 4 5 |  5.1
Dodging        | 3 |  3.1
Armour         | |  2.7

Action                   |  1- 3 |  4- 6 || total
-------------------------+-------+-------++-------
Melee: Hand axe          |    90 |    24 ||   114
       Headbutt          |    11 |     8 ||    19
Throw: Boomerang         |       |     2 ||     2
Invok: Berserk           |       |     1 ||     1
       Trog's Hand       |       |     1 ||     1
  Use: Scroll            |     7 |     2 ||     9
       Potion            |       |     1 ||     1
 Stab: Sleeping          |     1 |       ||     1
Armor: Animal skin       |    18 |       ||    18
       Ring mail         |     3 |     7 ||    10
Dodge: Dodged            |    73 |    18 ||    91
